 Dungeon Crawl Stone Soup version 0.27-a0-1296-g8ece459b43 (webtiles) character file.

Game seed: 16496939186896187866

1279 Delamore the Spear-Bearer (level 8, -5/62 HPs)
             Began as a Formicid Fighter on June 16, 2021.
             Was an Initiate of Gozag.
             Slain by a chaos spawn (13 damage)
             ... summoned by Xom
             ... on level 6 of the Dungeon.
             The game lasted 00:06:09 (6321 turns).

Delamore the Spear-Bearer (Formicid Fighter)        Turns: 6321, Time: 00:06:09

Health: -5/62      AC: 10    Str: 28    XL:     8   Next: 84%
Magic:  8/8        EV:  6    Int:  9    God:    Gozag
Gold:   246        SH:  0    Dex: 12    Spells: 7/7 levels left

rFire    . . .     SeeInvis +   a - +1 trident (flame)
rCold    + . .     Faith    .   c - +1 kite shield
rNeg     . . .     Spirit   .   k - +0 chain mail
rPois    .         Reflect  .   (helmet unavailable)
rElec    +         Harm     .   (no cloak)
rCorr    .         Rampage  .   m - +0 pair of gloves "Uroimnug" {rElec Dex+2}
Will     .....                  (no boots)
Stlth    ..........             (no amulet)
HPRegen  0.20/turn              p - +6 ring of strength
MPRegen  0.11/turn              (no ring)

@: confused, lethally poisoned (-5 -> -18)
A: permanent stasis, dig shafts and tunnels, antennae 3, four strong arms, cold
resistance 1, wild magic 1
a: Dig, Shaft Self, Renounce Religion, Potion Petition, Call Merchant, Bribe
Branch


You were on level 6 of the Dungeon.
You worshipped Gozag.
Gozag was aware of your devotion.
You visited 2 branches of the dungeon, and saw 7 of its levels.

You collected 346 gold pieces.
You paid 100 gold pieces to Gozag.

Inventory:

Hand Weapons
 a - a +1 trident of flaming (weapon)
Missiles
 l - 8 poisoned darts (quivered)
 n - 3 javelins
Armour
 b - a +0 scale mail
 c - a +1 kite shield (worn)
 k - a +0 chain mail (worn)
 m - the +0 pair of gloves "Uroimnug" (worn) {rElec Dex+2}
   (You found it on level 4 of the Dungeon)

   It affects your dexterity (+2).
   It insulates you from electricity.
Jewellery
 p - a +6 ring of strength (left hand)
Wands
 j - a wand of flame (14)
 s - a wand of paralysis (5)
Scrolls
 f - 8 scrolls of teleportation
 r - a scroll of amnesia
 v - a scroll of identify
 z - a scroll of enchant weapon
Potions
 d - 2 potions of might
 e - 2 potions of berserk rage
 g - 2 potions of attraction
 h - 2 potions of mutation
 i - a potion of degeneration
 o - 3 potions of lignification
 q - a potion of flight {unknown}
 t - a potion of ambrosia {unknown}
 u - a potion of heal wounds {unknown}
 w - a potion of curing {unknown}
 x - a potion of resistance {unknown}
 A - a potion of haste {unknown}


   Skills:
 - Level 5.0 Fighting
 * Level 9.7 Polearms
 - Level 3.2 Armour
 - Level 3.6 Shields


You had 7 spell levels left.
You didn't know any spells.
Your spell library contained the following spells:

 Spells                   Type           Power      Damage    Failure   Level
 Beastly Appendage        Tmut           0%         N/A       100%        1
 Summon Small Mammal      Summ           0%         N/A       100%        1
 Call Imp                 Summ           0%         N/A       100%        2
 Sublimation of Blood     Necr           0%         N/A       100%        2
 Wereblood                Tmut           0%         N/A       100%        2
 Call Canine Familiar     Summ           0%         N/A       100%        3
 Ignite Poison            Fire/Tmut/Pois 0%         N/A       100%        3
 Spider Form              Tmut/Pois      0%         N/A       100%        3
 Summon Guardian Golem    Hex/Summ       0%         N/A       100%        3
 Ice Form                 Ice/Tmut       0%         N/A       100%        4
 Petrify                  Tmut/Erth      0%         N/A       100%        4
 Summon Ice Beast         Ice/Summ       0%         N/A       100%        4
 Summon Lightning Spire   Summ/Air       0%         N/A       100%        4
 Alistair's Intoxication  Tmut/Pois      0%         N/A       100%        5
 Irradiate                Conj/Tmut      0%         3d14      100%        5
 Eringya's Noxious Bog    Tmut/Pois      0%         N/A       100%        6


Dungeon Overview and Level Annotations

Branches:
Dungeon (6/15)             Temple (1/1) D:6

Altars:
Ashenzari
Cheibriados
Dithmenos
Elyvilon
Fedhas
Gozag
Hepliaklqana
Kikubaaqudgha
Nemelex Xobeh
Okawaru
Qazlal
Ru
Sif Muna
Uskayaw
Wu Jian
Xom
Yredelemnul
Zin
The Shining One

Shops:
D:2 !


Innate Abilities, Weirdness & Mutations

You cannot be hasted, slowed, berserked, paralysed or teleported.
You can dig through walls and to a lower floor.
You have a pair of large antennae on your head. (SInv)
Your four strong arms can wield two-handed weapons with a shield.
Your flesh is cold resistant. (rC+)
Your spells are a little harder to cast, but a little more powerful.


Message History

The chaos spawn hits you!
You are confused.
You are too confused!
You are too confused!
You are too confused!
You are too confused!
You are too confused!
You are too confused!
You are too confused!
You are too confused!
You are too confused!
You are too confused!
You are too confused!
You are too confused!
You are too confused!
You are too confused!
You are too confused!
Your mandibles retract as you bump into the rock wall.
The chaos spawn gores you but does no damage.
You bump into the rock wall.
The chaos spawn gores you!
You are engulfed in flames!
You bump into the rock wall.
The chaos spawn hits you but does no damage.
You bump into the rock wall.
The chaos spawn barely misses you.
You puncture the chaos spawn! You burn the chaos spawn.
The chaos spawn is moderately wounded.
The chaos spawn grows dozens of eye stalks in order to get a better look at you.
The chaos spawn hits you!
You are engulfed in flames!
* * * LOW HITPOINT WARNING * * *
You bump into the rock wall.
The chaos spawn gores you.
* * * LOW HITPOINT WARNING * * *
You are lethally poisoned!
The chaos spawn poisons you!
You closely miss the chaos spawn.
The chaos spawn is moderately wounded.
* * * LOW HITPOINT WARNING * * *
You feel very sick. The chaos spawn hits you!
You die...
Your body crumbles into a pile of gold.

#.## #..............(.<.... #(#
########.######..>..##.## ## #.#
#..........)...........#####. #.#
#.####.########.....##....... #.#
#.# #.# #.....# .#####. #.#
#.####.##########.### ### ## #.#
#.#.......<....##.. $ #...## #.#
#.#.##...#####.##### #.<. #.#
#.#.####{{{#@#.# #...## #.# #.#.#
#{##4##.# ##. #
#.###.#.####.#####.# # #
#..........5..# #.# #.. #
#####.....#.#.# #.# #.# #
###.#.#.#.# #.# #.# # #.#.#.#.#
#.# #.# #
######.#.#.#.####.#####.#
#.........#...........##.########


You could see a chaos spawn (summoned).

Vanquished Creatures
  Duvessa (D:5)
  2 water moccasins
  An ice beast (D:6)
  2 ogres (D:5)
  A phantom (D:4)
  2 scorpions
  Dowan (D:5)
  A howler monkey (D:4)
  A jelly (D:4)
  2 centaur skeletons (D:6)
  3 hounds
  A bullfrog skeleton (D:4)
  Terence (D:2)
  An iguana (D:5)
  A hound skeleton (D:4)
  4 adders
  A river rat (D:3)
  A white imp (D:6)
  2 ufetubi
  An adder skeleton (D:4)
  A worm (D:5)
  2 dart slugs
  7 orcs
  8 endoplasms
  3 giant cockroaches
  11 goblins
  2 hobgoblins
  2 jackals (D:3)
  2 quokkas (D:2)
  5 ball pythons
  2 bats (D:1)
  2 frilled lizards (D:3)
  6 kobolds
  6 rats
89 creatures vanquished.

Notes
Turn   | Place    | Note
-------+----------+-------------------------------------------
     0 | D:1      | Delamore the Formicid Fighter began the quest for the Orb.
     0 | D:1      | Reached XP level 1. HP: 18/18 MP: 1/1
   145 | D:1      | Reached XP level 2. HP: 24/24 MP: 2/2
   692 | D:3      | Reached skill level 3 in Polearms
   692 | D:3      | Reached XP level 3. HP: 10/30 MP: 3/3
   901 | D:2      | Found Erec's Distillery.
   945 | D:2      | Noticed Terence
   960 | D:2      | Killed Terence
   961 | D:2      | Reached XP level 4. HP: 15/37 MP: 4/4
  1218 | D:2      | Found a faded altar of an unknown god.
  1232 | D:2      | Became a worshipper of Xom the Tricky
  1751 | D:3      | Reached skill level 4 in Polearms
  1756 | D:3      | XOM: noise
  1869 | D:3      | Reached XP level 5. HP: 42/42 MP: 5/5
  2504 | D:3      | XOM: polymorph adder -> river rat
  2695 | D:4      | Noticed a phantom
  2723 | D:4      | Killed a phantom
  2724 | D:4      | Reached XP level 6. HP: 10/50 MP: 6/6
  2728 | D:4      | XOM: noise
  2745 | D:3      | Reached skill level 5 in Polearms
  3036 | D:4      | XOM: confusion (+ monsters)
  3254 | D:4      | XOM: divination: detect items
  3264 | D:4      | Reached skill level 5 in Fighting
  3697 | D:4      | Reached skill level 6 in Polearms
  3697 | D:4      | Reached XP level 7. HP: 53/56 MP: 7/7
  3740 | D:4      | XOM: silly message
  3832 | D:4      | XOM: scenery: 1 doors open, 1 doors close
  3848 | D:4      | Identified the +0 pair of gloves "Uroimnug" {rElec Dex+2}
  3896 | D:4      | Found a hide-covered altar of Uskayaw.
  3928 | D:4      | XOM: draining
  4243 | D:4      | XOM is BORED!
  4291 | D:4      | XOM: scenery: 1 doors close
  4371 | D:5      | Entered Level 5 of the Dungeon
  4382 | D:5      | XOM: confuse monster(s)
  4390 | D:5      | Reached skill level 7 in Polearms
  4439 | D:5      | XOM: give mutations
  4439 | D:5      | Gained mutation: Your spells are a little harder to cast,
                  | but a little more powerful. [Xom's grace]
  4439 | D:5      | Gained mutation: Your flesh is cold resistant. (rC+) [Xom's
                  | grace]
  4447 | D:5      | Noticed a water moccasin
  4478 | D:4      | Killed a water moccasin
  4765 | D:5      | Reached XP level 8. HP: 42/62 MP: 8/8
  4981 | D:5      | Reached skill level 8 in Polearms
  5111 | D:5      | Noticed Duvessa
  5111 | D:5      | Noticed Dowan
  5118 | D:5      | Killed Duvessa
  5119 | D:5      | Killed Dowan
  5120 | D:5      | Reached skill level 9 in Polearms
  5749 | D:6      | Found a staircase to the Ecumenical Temple.
  5970 | Temple   | Entered the Ecumenical Temple
  5977 | Temple   | Fell from the grace of Xom
  5977 | Temple   | Became a worshipper of Gozag Ym Sagoz the Greedy
  6305 | D:6      | XOM: summons 5 hostile demons
  6321 | D:6      | Slain by a chaos spawn

Illustrated notes

Levels and vault maps discovered:
D:1:      eino_arrival_water_cross, layout_basic
D:2:      layout_basic, serial_shops, nicolae_shop_statue_plus,
          ebering_ecumenical_altar_abandoned, uniq_terence
D:3:      layout_basic
D:4:      layout_gridville, old_standard_altar, kennysheep_dice
D:5:      layout_loops_ring, serial_glass, glass_columns_a, glass_columns_b,
          item_on_display_a, feat_on_display, grunt_ministairs_1, uniq_duvessa
D:6:      layout_loops_ring, minmay_temple_entry_fiery
Temple:   nicolae_temple_no_exploring_needed

Skill      XL: |  1  2  3  4  5  6  7  8 |
---------------+-------------------------+-----
Polearms       | 3 4 6 7 9 |  9.7
Fighting       | 4 5 |  5.0
Armour         | |  3.2
Shields        | |  3.6

Action                   |  1- 3 |  4- 6 |  7- 9 || total
-------------------------+-------+-------+-------++-------
Melee: Trident           |    74 |   187 |   134 ||   395
 Abil: Dig               |       |       |     1 ||     1
  Use: Scroll            |       |     5 |     8 ||    13
 Stab: Confused          |       |       |     1 ||     1
Armor: Scale mail        |    27 |       |       ||    27
       Chain mail        |       |    57 |    48 ||   105
Dodge: Dodged            |    13 |    36 |    24 ||    73
Block: Kite shield       |    36 |    74 |    67 ||   177

Table legend: (Time is in decaauts)
 A = Elapsed time spent in this place.
 B = Non-inter-level travel time spent in this place.
 C = Inter-level travel time spent in this place.
 D = Time resting spent in this place.
 E = Time spent auto-exploring this place.
 F = Levels seen in this place.
 G = Mean time per level.
                   A        B        C        D        E       F      G
               +--------+--------+--------+--------+--------+-----+--------+
         Total |   6411 |   6192 |    219 |   1334 |   4003 |   7 |  915.9 |
       Dungeon |   6396 |   6189 |    207 |   1334 |   4003 |   6 | 1066.0 |
        Temple |     14 |      2 |     12 |      0 |      0 |   1 |   14.0 |
               +--------+--------+--------+--------+--------+-----+--------+

Top non-repeatable levels by time:
     D:3: 1952 daAuts
     D:4: 1394 daAuts
     D:5: 862 daAuts
     D:2: 823 daAuts
     D:6: 776 daAuts
     D:1: 586 daAuts
  Temple: 14 daAuts
